 Dungeon Crawl Stone Soup version 0.28.0-1-gb440e238dd (webtiles) character file.

Game seed: 9193901002370688187

3053 Conn the Magician (level 9, -9/53 HPs)
             Began as an Octopode Fire Elementalist on Feb 20, 2022.
             Was a Follower of Sif Muna.
             Killed by an exploding yak (47 damage)
             ... ignited by their inner flame
             ... on level 8 of the Dungeon.
             The game lasted 00:19:47 (8284 turns).

Conn the Magician (Octopode Fire Elementalist)      Turns: 8284, Time: 00:19:47

Health: -9/53      AC:  2    Str:  7 (8)  XL:     9   Next: 87%
Magic:  4/19       EV: 14    Int: 20 (21) God:    Sif Muna [*.....]
Gold:   179        SH:  0    Dex: 12      Spells: 1/21 levels left

rFire   . . .      SeeInvis .   a - +0 dagger (elec)
rCold   . . .      Faith    .   (no shield)
rNeg    . . .      Spirit   .   f - +1 hat
rPois   .          Reflect  .   (no amulet)
rElec   .          Harm     .   q - ring of wizardry
rCorr   .          Rampage  .   t - ring of wizardry
Will    .....                   B - ring of flight
Stlth   ++++......              (no ring)
HPRegen 0.17/turn               (no ring)
MPRegen 0.16/turn               (no ring)
                                (no ring)
                                (no ring)

@: flying
A: almost no armour, amphibious, 8 rings, camouflage 1, gelatinous body 1,
(nimble swimmer 1), tentacles
a: Renounce Religion, Channel Magic


You were on level 8 of the Dungeon.
You worshipped Sif Muna.
Sif Muna was aware of your devotion.
You visited 2 branches of the dungeon, and saw 9 of its levels.

You collected 267 gold pieces.
You spent 88 gold pieces at shops.

Inventory:

Hand Weapons
 a - a +0 dagger of electrocution (weapon)
Missiles
 d - 6 curare-tipped darts
 u - 6 poisoned darts
Armour
 f - a +1 hat (worn)
 z - a +0 buckler
Jewellery
 q - a ring of wizardry (left tentacle)
 t - a ring of wizardry (right tentacle)
 B - a ring of flight (on tentacle)
Wands
 n - a wand of charming (13)
 p - a wand of acid (1)
Scrolls
 b - a scroll of magic mapping {unknown}
 c - a scroll of silence {unknown}
 g - 5 scrolls of identify {unknown}
 i - a scroll of vulnerability {unknown}
 j - a scroll of summoning {unknown}
 k - a scroll of fog {unknown}
 l - a scroll of noise {unknown}
 o - a scroll of enchant armour {unknown}
 r - 3 scrolls of holy word {unknown}
 s - 2 scrolls of amnesia {unknown}
 y - a scroll of teleportation {unknown}
Potions
 e - 3 potions of curing
 h - 2 potions of degeneration
 m - a potion of magic {unknown}
 v - a potion of invisibility {unknown}
 w - a potion of flight {unknown}
 x - a potion of heal wounds {unknown}
 A - 2 potions of might {unknown}


   Skills:
 + Level 1.4 Fighting
 + Level 2.5 Short Blades
 + Level 3.6 Dodging
 + Level 5.8 Stealth
 + Level 6.8 Spellcasting
 + Level 4.5 Conjurations
 + Level 1.6 Hexes
 * Level 1.7 Summonings
 + Level 6.7 Fire Magic
 + Level 3.7 Ice Magic
 * Level 3.4 Invocations
 + Level 0.1 Evocations


You had one spell level left.
You knew the following spells:

 Your Spells              Type           Power      Damage    Failure   Level
a - Foxfire               Conj/Fire      100%       2x1d9     1%          1
b - Conjure Flame         Conj/Fire      29%        6-21      1%          3
c - Inner Flame           Hex/Fire       23%        N/A       1%          3
d - Ozocubu's Armour      Ice            21%        N/A       1%          3
e - Scorch                Fire           66%        2d8       1%          2
f - Flame Wave            Conj/Fire      29%        2d8       2%          4
g - Summon Ice Beast      Ice/Summ       17%        N/A       9%          4

Your spell library contained the following spells:

 Spells                   Type           Power      Damage    Failure   Level
 Beastly Appendage        Tmut           12%        N/A       2%          1
 Frozen Ramparts          Ice            42%        1d6       1%          3
 Corpse Rot               Necr/Air       12%        N/A       4%          2
 Wereblood                Tmut           6%         N/A       4%          2
 Confusing Touch          Hex            13%        N/A       4%          3
 Spider Form              Tmut/Pois      6%         N/A       8%          3
 Ice Form                 Ice/Tmut       14%        N/A       12%         4
 Dispel Undead            Necr           6%         3d8       24%         4
 Yara's Violent Unravell  Hex/Tmut       5%         3d4       41%         5
 Alistair's Intoxication  Tmut/Pois      4%         N/A       54%         5
 Borgnjor's Vile Clutch   Necr/Erth      3%         N/A       54%         5
 Death Channel            Necr           3%         N/A       96%         6
 Eringya's Noxious Bog    Tmut/Pois      3%         N/A       96%         6
 Ozocubu's Refrigeration  Ice            10%        4d7       98%         7
 Enfeeble                 Hex            6%         N/A       100%        7


Dungeon Overview and Level Annotations

Branches:
Dungeon (8/15)             Temple (1/1) D:5
   Lair: D:8-11

Altars:
Ashenzari
Cheibriados
Dithmenos
Elyvilon
Fedhas
Gozag
Hepliaklqana
Kikubaaqudgha
Nemelex Xobeh
Okawaru
Qazlal
Sif Muna
Trog
Uskayaw
Vehumet
Wu Jian
Yredelemnul
Zin
The Shining One

Shops:
D:4 [   D:5 *


Innate Abilities, Weirdness & Mutations

You cannot wear most types of armour.
You are amphibious.
You can wear up to eight rings at the same time.
Your skin changes colour to match your surroundings (Stealth+).
Your rubbery body absorbs attacks. (AC +1, EV +1)
((You are camouflaged when in or above water. (Stealth+)))
You have tentacles for arms and can constrict up to eight enemies at once.


Message History

Confirm with . or Enter, or press ? or * to list all spells.
Flames lash the yak.
Flame seeps out of the yak.
The yak is lightly wounded.
The yak's fire resistance burns away.
The yak is engulfed in blazing flames.
Flame seeps out of the yak.
Unknown command.
The yak is engulfed in blazing flames.
Sif Muna accepts your kill.
The yak explodes!
Your life force feels restored.
Casting: Scorch (safe; 1% risk of failure)
Confirm with . or Enter, or press ? or * to list all spells.
Aiming: Inner Flame (safe; 1% risk of failure)
Press: ? - help, Dir - move target, f - yak
Aim: a yak (flame, chance to affect: 78%)
The yak is filled with an inner flame.
Unknown command.
Casting: Inner Flame (safe; 1% risk of failure)
Confirm with . or Enter, or press ? or * to list all spells.
A chill wind blows around you.
Unknown command.
What are your orders? t - Shout!
Orders for allies: a - Attack new target. p - Attack previous target. r - Retreat! s - Stop attacking. g - Guard the area. f - Follow me.
Anything else - Cancel.
Guard this area!
The yak is engulfed in blazing flames.
Flame seeps out of the yak.
The yak gores you!
Unknown command.
Casting: Summon Ice Beast (dangerous; 9% risk of failure)
Confirm with . or Enter, or press ? or * to list all spells.
You conjure some foxfire!
Your ice beast hits the yak.
Flame seeps out of the yak.
Your ice beast freezes the yak!
Flame seeps out of the yak.
The yak is engulfed in blazing flames. x2
Sif Muna accepts your kill.
The yak explodes!
The fiery explosion engulfs you!!!
Ouch! That really hurt!
You die...

).)......# .......
####.##### ....... ####.###
....... #......# ##########
.......
#.##.#.###...##...##.......
#.##.......#.#..#.§○#.#
#.####.###...#.###Y§§Y#
#.####.# ##....v#○Y.###
.......# ####.v@§#.#
#.###### #.####.# #.# #..
..# #.# #### ### #.######
.......# .#.###.# ###.##.#
.#..##.#


You could see 2 yaks and a friendly ice beast (summoned).

Vanquished Creatures
  Sigmund (D:2)
  6 yaks (D:8)
  A wyvern (D:8)
  An acid dragon (D:6)
  A water moccasin (D:8)
  An ice beast (D:6)
  An orc warrior (D:5)
  2 ogres
  A kobold brigand (D:8)
  Blork the orc (D:6)
  2 scorpions
  A bullfrog (D:8)
  A water moccasin skeleton (D:5)
  9 wights
  A howler monkey (D:5)
  2 centaur zombies
  A bullfrog zombie (D:5)
  A hound (D:5)
  2 orc priests (D:5)
  2 bullfrog skeletons
  A centaur skeleton (D:6)
  2 iguanas
  2 orc wizards
  A killer bee zombie (D:5)
  A hound zombie (D:5)
  2 hound skeletons (D:5)
  4 gnolls (D:3)
  9 adders
  2 shadow imps (D:5)
  An ufetubus (D:6)
  2 worms (D:2)
  5 dart slugs
  12 orcs
  4 ball pythons
  9 bats
  11 endoplasms
  9 giant cockroaches
  9 goblins
  10 hobgoblins
  2 jackals (D:2)
  15 kobolds
  3 quokkas (D:1)
  3 frilled lizards
  6 rats
163 creatures vanquished.

Vanquished Creatures (others)
  440 foxfires
440 creatures vanquished.

Grand Total: 603 creatures vanquished

Notes
Turn   | Place    | Note
-------+----------+-------------------------------------------
     0 | D:1      | Conn the Octopode Fire Elementalist began the quest for the
                  | Orb.
     0 | D:1      | Reached XP level 1. HP: 11/11 MP: 3/3
   179 | D:1      | Reached XP level 2. HP: 9/17 MP: 1/5
   333 | D:1      | Noticed a shining eye
   335 | D:1      | Found a faded altar of an unknown god.
   336 | D:1      | Noticed a shining eye
   336 | D:1      | Noticed a shining eye
   336 | D:1      | Noticed a floating eye
   568 | D:1      | Reached XP level 3. HP: 15/21 MP: 3/6
  1182 | D:2      | Noticed Sigmund
  1371 | D:1      | Learned a level 3 spell: Conjure Flame
  1374 | D:1      | Learned a level 2 spell: Scorch
  1443 | D:2      | Reached XP level 4. HP: 27/27 MP: 1/7
  2148 | D:3      | Reached skill level 1 in Short Blades
  2202 | D:3      | Found a stormy altar of Qazlal.
  2312 | D:3      | Reached XP level 5. HP: 30/32 MP: 9/9
  2391 | D:2      | Killed Sigmund
  2392 | D:2      | Reached XP level 6. HP: 37/37 MP: 0/11
  3687 | D:4      | Found Mafyrgh's Armour Shop.
  3724 | D:4      | Learned a level 3 spell: Inner Flame
  3728 | D:4      | Learned a level 3 spell: Ozocubu's Armour
  3933 | D:4      | Reached XP level 7. HP: 42/42 MP: 12/12
  4188 | D:4      | Reached skill level 1 in Fighting
  4232 | D:5      | Entered Level 5 of the Dungeon
  4241 | D:5      | Reached skill level 1 in Ice Magic
  4413 | D:5      | Found Suekoef's Assorted Antiques.
  4433 | D:5      | Bought a copper wand for 88 gold pieces
  4517 | D:5      | Found a staircase to the Ecumenical Temple.
  4523 | Temple   | Entered the Ecumenical Temple
  4610 | Temple   | Became a worshipper of Sif Muna the Loreminder
  4654 | D:5      | Reached skill level 5 in Stealth
  5319 | D:5      | Reached XP level 8. HP: 48/48 MP: 9/14
  5420 | D:5      | Reached skill level 5 in Fire Magic
  5945 | D:5      | Reached skill level 5 in Spellcasting
  6596 | D:6      | Noticed Blork the orc
  6602 | D:6      | Killed Blork the orc
  6603 | D:6      | Reached XP level 9. HP: 53/53 MP: 4/17
  7111 | D:7      | Reached * piety under Sif Muna
  7239 | D:7      | Noticed a cyan ugly thing
  7273 | D:8      | Reached skill level 1 in Hexes
  7640 | D:8      | Learned a level 4 spell: Flame Wave
  7645 | D:8      | Learned a level 4 spell: Summon Ice Beast
  7739 | D:8      | Reached skill level 1 in Summonings
  8284 | D:8      | Killed by an exploding yak... ignited by their inner flame

Illustrated notes

Levels and vault maps discovered:
D:1:      nzn_arrival_crosshair, layout_basic,
          hellmonk_ecumenical_altar_watching_god, minmay_ruptured
D:2:      layout_basic, uniq_sigmund
D:3:      layout_rooms, mainiacjoe_overflow_brackets, roderic_st_hans_cross
D:4:      layout_basic, serial_shops, nicolae_shop_stone,
          minmay_fractal_squares_gapless_5
D:5:      layout_cave_pods, minmay_temple_entry_fiery, serial_shops, shop
D:6:      layout_cave_pods, kennysheep_generic_room_4, uniq_blork_the_orc
D:7:      kennysheep_seaside_town, layout_layer_cave
D:8:      layout_loops_cross
Temple:   regret_index_temple_chain_breaker

Skill      XL: |  1  2  3  4  5  6  7  8  9 |
---------------+----------------------------+-----
Stealth        | 3 4 5 |  5.8
Short Blades   | 1 2 |  2.5
Spellcasting   | 3 4 5 6 |  6.8
Conjurations   | 2 3 4 |  4.5
Fire Magic     | 4 6 |  6.7
Fighting       | 1 |  1.4
Ice Magic      | 2 3 |  3.7
Dodging        | 3 |  3.6
Hexes          | 1 |  1.6
Invocations    | 3 |  3.4
Summonings     | 1 |  1.7
Evocations     | |  0.1

Action                   |  1- 3 |  4- 6 |  7- 9 || total
-------------------------+-------+-------+-------++-------
Melee: Dagger            |    42 |    57 |    52 ||   151
       Tentacles         |    11 |    13 |    15 ||    39
       Constrict         |    14 |    11 |    11 ||    36
       Punch             |       |       |     2 ||     2
 Cast: Foxfire           |    47 |    75 |   129 ||   251
       Scorch            |       |     4 |    21 ||    25
       Inner Flame       |       |       |    16 ||    16
       Conjure Flame     |       |       |     9 ||     9
       Ozocubu's Armour  |       |       |     3 ||     3
       Summon Ice Beast  |       |       |     1 ||     1
Evoke: Wand              |       |       |     2 ||     2
  Use: Potion            |       |       |     3 ||     3
 Stab: Sleeping          |     3 |     8 |     4 ||    15
Armor: Skin              |     6 |     6 |    10 ||    22
Dodge: Dodged            |    24 |    39 |    55 ||   118
